 Dungeon Crawl Stone Soup version 0.30.1-11-g7821555f0a (webtiles) character file.

Game seed: 18182948111805999967

124 Peloso the Covered (level 4, -1/41 HPs)
             Began as a Minotaur Fighter on Nov 24, 2023.
             Slain by a thrashing horror (17 damage)
             ... on level 1 of the Abyss.
             The game lasted 00:03:59 (2006 turns).

Peloso the Covered (Minotaur Fighter)               Turns: 2006, Time: 00:04:00

Health: -1/41      AC: 15    Str: 20    XL:     4   Next: 81%
Magic:  3/3        EV:  5    Int:  5    God:
Gold:   188        SH:  5    Dex: 12    Spells: 3/3 levels left

rFire   . . .        a - +1 long sword
rCold   . . .        d - +0 buckler
rNeg    . . .        c - +0 plate armour
rPois   +            (helmet restricted)
rElec   .            (no cloak)
rCorr   .            n - +2 pair of gloves
SInv    .            (no boots)
Will    .....        (no amulet) Stlth
                     f - ring of poison resistance
HPRegen 0.26/turn    (no ring)
MPRegen 0.08/turn

%: no passive effects
@: mighty
A: horns 2, retaliatory headbutt
a: no special abilities


You were on level 1 of the Abyss.
You visited 1 branch of the dungeon, and saw 4 of its levels.
You visited the Abyss 1 time.

You collected 188 gold pieces.

Inventory:

Hand Weapons
 a - a +1 long sword (weapon)
Armour
 b - a +0 scale mail
 c - a +0 plate armour (worn)
 d - a +0 buckler (worn)
 n - a +2 pair of gloves (worn)
Jewellery
 f - a ring of poison resistance (left hand)
 i - a ring of wizardry
Scrolls
 h - a scroll of poison {unknown}
 j - a scroll of vulnerability {unknown}
 k - a scroll of magic mapping
 m - a scroll of identify
Potions
 e - a potion of magic
 g - 2 potions of curing


   Skills:
 + Level 4.3 Fighting
 + Level 3.9 Long Blades
 + Level 4.8 Armour
 + Level 0.2 Dodging
 + Level 4.4 Shields


You had 3 spell levels left.
You didn't know any spells.
Your spell library was empty.

Dungeon Overview and Level Annotations

Branches:
Dungeon (4/15)
 Temple: D:4-7

Altars:
Gozag

Annotations:
D:3 Sigmund


Innate Abilities, Weirdness & Mutations

You have a pair of horns on your head.
You reflexively headbutt those who attack you in melee.


Message History

You block the thrashing horror's attack.
You feel very mighty all of a sudden.
You block the thrashing horror's attack.
The thrashing horror tramples you but does no damage.
Unknown command.
You slash the thrashing horror!
The thrashing horror is moderately damaged.
The thrashing horror tramples you.
You stumble backwards!
The thrashing horror barely misses you.
The thrashing horror tramples you but does no damage. x2
The thrashing horror tramples you.
You stumble backwards!
You closely miss the thrashing horror.
Your headbutt misses the thrashing horror.
The thrashing horror is moderately damaged.
The thrashing horror tramples you but does no damage. x2
You hit the thrashing horror but do no damage.
The thrashing horror is moderately damaged.
You block the thrashing horror's attack.
The thrashing horror tramples you but does no damage.
You slash the thrashing horror!
The thrashing horror is heavily damaged.
The thrashing horror completely misses you.
The thrashing horror tramples you.
You stumble backwards!
You block the thrashing horror's attack.
The thrashing horror tramples you but does no damage.
The thrashing horror tramples you.
You stumble backwards!
The thrashing horror completely misses you.
You furiously retaliate!
You headbutt the thrashing horror! The thrashing horror barely misses you.
You hit the thrashing horror.
Your headbutt misses the thrashing horror.
The thrashing horror is severely damaged.
The thrashing horror closely misses you.
The thrashing horror tramples you but does no damage.
You slash the thrashing horror!
The thrashing horror is almost destroyed.
The thrashing horror churns violently!
The thrashing horror seems to grow stronger.
The thrashing horror tramples you!
You die...

#.#.#. . .#
##...### #
#.....#
#..#.##
#....#
##..#...#
### #..#####
.....##.#..#
#...@#.#.#
#.#.X.#. .#
# #.....# #
#.#...# .#
...# .. ....
#. ..... .#
.##.##


You could see a thrashing horror (strong).

Vanquished Creatures
  An orc priest (D:3)
  4 gnolls (D:3)
  2 dart slugs
  5 orcs
  4 bats
  3 endoplasms
  6 goblins
  5 hobgoblins
  4 quokkas
  7 ball pythons
  A frilled lizard (D:3)
  4 kobolds
  2 rats
48 creatures vanquished.

Notes
Turn   | Place    | Note
-------+----------+-------------------------------------------
     0 | D:1      | Peloso the Minotaur Fighter began the quest for the Orb.
     0 | D:1      | Reached XP level 1. HP: 19/19 MP: 0/0
   223 | D:1      | Reached XP level 2. HP: 27/27 MP: 1/1
  1304 | D:2      | Reached XP level 3. HP: 32/33 MP: 2/2
  1590 | D:3      | Reached XP level 4. HP: 27/40 MP: 3/3
  1598 | D:3      | Noticed Sigmund
  1647 | D:2      | You fall into a shaft and drop 2 floors!
  1745 | D:3      | Found an opulent altar of Gozag.
  1899 | Abyss:1  | Cast into level 1 of the Abyss (Sigmund)
  1952 | Abyss:1  | Noticed a small abomination
  1989 | Abyss:1  | Noticed a thrashing horror
  2006 | Abyss:1  | Slain by a thrashing horror

Illustrated notes

Levels and vault maps discovered:
D:1:      roderic_crossed_star, layout_basic, hangedman_decor_growths,
          chequers_serial_rivers_small_a
D:2:      layout_rooms
D:3:      layout_rooms, mainiacjoe_overflow_chevrons,
          hellmonk_ecumenical_altar_leap_of_faith, uniq_sigmund
D:4:      layout_gridville, ebering_ghost_sewer_d
Abyss:1:  base:
D:1

Skill      XL: |  1  2  3 |
---------------+----------+-----
Armour         | 4 |  4.8
Fighting       | 4 |  4.3
Long Blades    | 3 |  3.9
Shields        | 4 |  4.4
Dodging        | |  0.2

Action                     |  1- 3 |  4- 6 || total
---------------------------+-------+-------++-------
  Melee: Long sword        |    81 |    47 ||   128
         Headbutt          |    13 |     5 ||    18
    Use: Potion            |     3 |     1 ||     4
         Scroll            |     3 |       ||     3
 Armour: Scale mail        |    14 |       ||    14
         Plate armour      |    50 |    31 ||    81
  Dodge: Dodged            |    28 |    14 ||    42
  Block: Buckler           |    35 |    13 ||    48
